TOP OF THE 1ST |
Bismarck Barons batting - Pitching for Red Deer Wranglers : RHP Michael Walton
|
Pitching: RHP Michael Walton
|
|
Batting: RHB Pancho Torres
|
0-0: Ball 1-0: Foul Ball, location: 2F 1-1: Ball 2-1: Ball 3-1: Base on Balls
|
Batting: RHB Eugenio Maldonado
|
0-0: Called Strike 0-1: Ball 1-1: Swinging Strike 1-2: Strikes out looking
|
Batting: RHB Jason Stover
|
0-0: Ball 1-0: Swinging Strike 1-1: Swinging Strike 1-2: Foul Ball, location: 2F 1-2: Ball 2-2: Foul Ball, location: 2F 2-2: Ball Pancho Torres steals 2nd base 3-2: Foul Ball, location: 2F 3-2: Strikes out swinging
|
Batting: RHB Fernando Castellanos
|
0-0: Called Strike 0-1: Ball 1-1: Foul Ball, location: 2F 1-2: Strikes out looking
|
Top of the 1st over - 0 run(s), 0 hit(s), 0 error(s), 1 left on base; Bismarck 0 - Red Deer 0 |
BOTTOM OF THE 1ST |
Red Deer Wranglers batting - Pitching for Bismarck Barons : RHP Kyle Horton
|
Pitching: RHP Kyle Horton
|
|
Batting: RHB Xavier López
|
0-0: Fly out, F7 (Flyball, 7)
|
Batting: RHB Joe Lewis
|
0-0: Fly out, F8 (Flyball, 8RM)
|
Batting: RHB Allen Brown
|
0-0: Ball 1-0: Fly out, F9 (Flyball, 9S)
|
Bottom of the 1st over - 0 run(s), 0 hit(s), 0 error(s), 0 left on base; Bismarck 0 - Red Deer 0 |
TOP OF THE 2ND |
Bismarck Barons batting - Pitching for Red Deer Wranglers : RHP Michael Walton
|
Batting: RHB Dave Anderson
|
0-0: Ball 1-0: Swinging Strike 1-1: Foul Ball, location: 2F 1-2: Ball 2-2: Foul Ball, location: 2F 2-2: Foul Ball, location: 2F 2-2: TRIPLE (Line Drive, 89M)
|
Batting: SHB José Gonzáles
|
0-0: Called Strike 0-1: Foul Ball, location: 2F 0-2: Ball 1-2: Ball 2-2: Ball 3-2: Foul Ball, location: 2F 3-2: Ground out 1-3 (Groundball, P)
|
Batting: RHB Eric Black
|
0-0: Ball 1-0: SINGLE (Flyball, 8RS) Dave Anderson scores
|
Batting: RHB Tomás Rivera
|
0-0: Called Strike 0-1: Ball 1-1: Fly out, F7 (Flyball, 78M)
|
Batting: RHB Xie-li Fong
|
0-0: Swinging Strike 0-1: Ball 1-1: Swinging Strike 1-2: Strikes out swinging
|
Top of the 2nd over - 1 run(s), 2 hit(s), 0 error(s), 1 left on base; Bismarck 1 - Red Deer 0 |
BOTTOM OF THE 2ND |
Red Deer Wranglers batting - Pitching for Bismarck Barons : RHP Kyle Horton
|
Batting: SHB Robbie Rhodes
|
0-0: Called Strike 0-1: Swinging Strike 0-2: Ball 1-2: Ball 2-2: Foul Ball, location: 2F 2-2: Ball 3-2: Base on Balls
|
Batting: RHB Luis Ibarra
|
0-0: Called Strike 0-1: Ball Robbie Rhodes steals 2nd base 1-1: Foul Ball, location: 2F 1-2: Fly out, F9 (Flyball, 89S)
|
Batting: LHB Alejandro Rojas
|
0-0: Ball 1-0: Swinging Strike 1-1: Ball 2-1: Ground out 4-3 (Groundball, 4) Robbie Rhodes to third
|
Batting: RHB Ben Fisher
|
0-0: Foul Ball, location: 2F 0-1: Ball 1-1: TRIPLE (Flyball, 89D) Robbie Rhodes scores
|
Batting: LHB Héctor Santos
|
0-0: Fly out, F6 (Line Drive, 6)
|
Bottom of the 2nd over - 1 run(s), 1 hit(s), 0 error(s), 1 left on base; Bismarck 1 - Red Deer 1 |
TOP OF THE 3RD |
Bismarck Barons batting - Pitching for Red Deer Wranglers : RHP Michael Walton
|
Batting: RHB Pancho Torres
|
0-0: Ball 1-0: Ball 2-0: Called Strike 2-1: Called Strike 2-2: Strikes out swinging, 2-3 out at first.
|
Batting: RHB Eugenio Maldonado
|
0-0: Called Strike 0-1: Foul Ball, location: 2F 0-2: Strikes out swinging
|
Batting: RHB Jason Stover
|
0-0: Fly out, F8 (Flyball, 8LM)
|
Top of the 3rd over - 0 run(s), 0 hit(s), 0 error(s), 0 left on base; Bismarck 1 - Red Deer 1 |
BOTTOM OF THE 3RD |
Red Deer Wranglers batting - Pitching for Bismarck Barons : RHP Kyle Horton
|
Batting: RHB Steve Burton
|
0-0: Ground out 4-3 (Groundball, 4)
|
Batting: RHB Xavier López
|
0-0: Called Strike 0-1: Swinging Strike 0-2: Ground out 6-3 (Groundball, 6S)
|
Batting: RHB Joe Lewis
|
0-0: Ball 1-0: Called Strike 1-1: SINGLE (Line Drive, 89S)
|
Batting: RHB Allen Brown
|
0-0: Ball 1-0: Ball 2-0: Fly out, F6 (Popup, 6S)
|
Bottom of the 3rd over - 0 run(s), 1 hit(s), 0 error(s), 1 left on base; Bismarck 1 - Red Deer 1 |
TOP OF THE 4TH |
Bismarck Barons batting - Pitching for Red Deer Wranglers : RHP Michael Walton
|
Batting: RHB Fernando Castellanos
|
0-0: Foul Ball, location: 2F 0-1: Swinging Strike 0-2: Strikes out swinging
|
Batting: RHB Dave Anderson
|
0-0: Swinging Strike 0-1: Ball 1-1: Called Strike 1-2: Ball 2-2: Strikes out swinging
|
Batting: SHB José Gonzáles
|
0-0: Fly out, F8 (Flyball, 8LM)
|
Top of the 4th over - 0 run(s), 0 hit(s), 0 error(s), 0 left on base; Bismarck 1 - Red Deer 1 |
BOTTOM OF THE 4TH |
Red Deer Wranglers batting - Pitching for Bismarck Barons : RHP Kyle Horton
|
Batting: SHB Robbie Rhodes
|
0-0: Ball 1-0: Called Strike 1-1: Foul Ball, location: 2F 1-2: Ball 2-2: Ground out 3-1 (Groundball, 34)
|
Batting: RHB Luis Ibarra
|
0-0: Called Strike 0-1: Foul Ball, location: 2F 0-2: Ball 1-2: Fly out, F7 (Flyball, 7)
|
Batting: LHB Alejandro Rojas
|
0-0: Ball 1-0: Foul Ball, location: 2F 1-1: Foul Ball, location: 2F 1-2: Foul Ball, location: 2F 1-2: Ball 2-2: Fly out, F9 (Flyball, 9S)
|
Bottom of the 4th over - 0 run(s), 0 hit(s), 0 error(s), 0 left on base; Bismarck 1 - Red Deer 1 |
TOP OF THE 5TH |
Bismarck Barons batting - Pitching for Red Deer Wranglers : RHP Michael Walton
|
Batting: RHB Eric Black
|
0-0: Ball 1-0: Ground out 1-3 (Groundball, 15S)
|
Batting: RHB Tomás Rivera
|
0-0: Called Strike 0-1: Foul Ball, location: 2F 0-2: Fly out, F8 (Flyball, 8LM)
|
Batting: RHB Xie-li Fong
|
0-0: Ball 1-0: Ball 2-0: Foul Ball, location: 2F 2-1: Swinging Strike 2-2: Strikes out swinging
|
Top of the 5th over - 0 run(s), 0 hit(s), 0 error(s), 0 left on base; Bismarck 1 - Red Deer 1 |
BOTTOM OF THE 5TH |
Red Deer Wranglers batting - Pitching for Bismarck Barons : RHP Kyle Horton
|
Batting: RHB Ben Fisher
|
0-0: Ball 1-0: Ball 2-0: Ball 3-0: Called Strike 3-1: Ground out 5-3 (Groundball, 56)
|
Batting: LHB Héctor Santos
|
0-0: Ball 1-0: Called Strike 1-1: Ball 2-1: Fly out, F8 (Flyball, 8LD)
|
Batting: RHB Steve Burton
|
0-0: Called Strike 0-1: Ball 1-1: Called Strike 1-2: Ground out 6-3 (Groundball, 6)
|
Bottom of the 5th over - 0 run(s), 0 hit(s), 0 error(s), 0 left on base; Bismarck 1 - Red Deer 1 |
TOP OF THE 6TH |
Bismarck Barons batting - Pitching for Red Deer Wranglers : RHP Michael Walton
|
Batting: RHB Pancho Torres
|
0-0: Called Strike 0-1: Ball 1-1: Called Strike 1-2: Foul Ball, location: 2F 1-2: Ground out 5-3 (Groundball, 56)
|
Batting: RHB Eugenio Maldonado
|
0-0: Foul Ball, location: 2F 0-1: Foul Ball, location: 2F 0-2: Ball 1-2: Strikes out swinging
|
Batting: RHB Jason Stover
|
0-0: Called Strike 0-1: Ground out 5-3 (Groundball, 5)
|
Top of the 6th over - 0 run(s), 0 hit(s), 0 error(s), 0 left on base; Bismarck 1 - Red Deer 1 |
BOTTOM OF THE 6TH |
Red Deer Wranglers batting - Pitching for Bismarck Barons : RHP Kyle Horton
|
Batting: RHB Xavier López
|
0-0: Foul Ball, location: 2F 0-1: Foul Ball, location: 2F 0-2: Ball 1-2: SINGLE (Line Drive, 56D)
|
Batting: RHB Joe Lewis
|
0-0: Ball 1-0: Foul Ball, location: 2F 1-1: Ball 2-1: Called Strike 2-2: Grounds into double play, 5-4-3 (Groundball, 56)
|
Batting: RHB Allen Brown
|
0-0: Ball 1-0: Foul Ball, location: 2F 1-1: SINGLE (Line Drive, 8RS)
|
Batting: SHB Robbie Rhodes
|
0-0: Called Strike 0-1: Ball 1-1: Ball 2-1: Called Strike 2-2: Foul Ball, location: 2F 2-2: Foul Ball, location: 2F 2-2: Strikes out swinging
|
Bottom of the 6th over - 0 run(s), 2 hit(s), 0 error(s), 1 left on base; Bismarck 1 - Red Deer 1 |
TOP OF THE 7TH |
Bismarck Barons batting - Pitching for Red Deer Wranglers : RHP Michael Walton
|
Pinch Hitting: LHB Jesús Bueno
|
0-0: Ground out 4-3 (Groundball, 4)
|
Pinch Hitting: LHB Jorge Fernández
|
0-0: Ball 1-0: Ball 2-0: Foul Ball, location: 2F 2-1: Swinging Strike 2-2: SINGLE (Line Drive, 78M)
|
Batting: SHB José Gonzáles
|
0-0: Ball 1-0: Ball 2-0: Ball 3-0: Base on Balls Jorge Fernández to second
|
Batting: RHB Eric Black
|
0-0: Called Strike 0-1: Foul Ball, location: 2F 0-2: Ball 1-2: Ball 2-2: Strikes out swinging
|
Pitching: RHP Alejandro Arriaza
|
|
Pinch Hitting: RHB Juan Castillo
|
0-0: Ball 1-0: Foul Ball, location: 2F 1-1: Ball 2-1: Ball 3-1: Foul Ball, location: 2F 3-2: Strikes out swinging
|
Top of the 7th over - 0 run(s), 1 hit(s), 0 error(s), 2 left on base; Bismarck 1 - Red Deer 1 |
BOTTOM OF THE 7TH |
Red Deer Wranglers batting - Pitching for Bismarck Barons : RHP Kyle Horton
|
Now at 1B: Jorge Fernández
|
|
Now at 3B: Mark Roy
|
|
Now in LF: Jesús Bueno
|
|
Batting: RHB Luis Ibarra
|
0-0: Ground out 5-3 (Groundball, 56)
|
Batting: LHB Alejandro Rojas
|
0-0: Reached on error, E4 (Groundball, 34)
|
Pitching: LHP Christiano Gomes
|
|
Batting: RHB Ben Fisher
|
0-0: Called Strike 0-1: Ball 1-1: Foul Ball, location: 2F 1-2: Fly out, F2 (Popup, 25)
|
Batting: LHB Héctor Santos
|
0-0: Ball 1-0: Ball 2-0: SINGLE (Line Drive, 8LS) Alejandro Rojas to second
|
Batting: RHB Steve Burton
|
0-0: 3-RUN HOME RUN (Flyball, 7LD), Distance : 325 ft
|
Batting: RHB Xavier López
|
0-0: Foul Ball, location: 2F 0-1: Ball 1-1: Fly out, F4 (Popup, 34D)
|
Bottom of the 7th over - 3 run(s), 2 hit(s), 1 error(s), 0 left on base; Bismarck 1 - Red Deer 4 |
TOP OF THE 8TH |
Bismarck Barons batting - Pitching for Red Deer Wranglers : RHP Alejandro Arriaza
|
Batting: RHB Xie-li Fong
|
0-0: Ball 1-0: Ball 2-0: Foul Ball, location: 2F 2-1: Ground out 3-1 (Groundball, 34S)
|
Batting: RHB Pancho Torres
|
0-0: Called Strike 0-1: Foul Ball, location: 2F 0-2: Ball 1-2: Strikes out swinging
|
Batting: RHB Eugenio Maldonado
|
0-0: Swinging Strike 0-1: Swinging Strike 0-2: SINGLE (Groundball, 56D)
|
Batting: RHB Jason Stover
|
0-0: Ball 1-0: Foul Ball, location: 2F 1-1: Ball 2-1: Ball 3-1: Fly out, F7 (Flyball, 7LM)
|
Top of the 8th over - 0 run(s), 1 hit(s), 0 error(s), 1 left on base; Bismarck 1 - Red Deer 4 |
BOTTOM OF THE 8TH |
Red Deer Wranglers batting - Pitching for Bismarck Barons : LHP Christiano Gomes
|
Batting: RHB Joe Lewis
|
0-0: Called Strike 0-1: Ball 1-1: Foul Ball, location: 2F 1-2: Strikes out swinging
|
Batting: RHB Allen Brown
|
0-0: Ball 1-0: Foul Ball, location: 2F 1-1: Ball 2-1: SINGLE (Line Drive, 9S)
|
Batting: SHB Robbie Rhodes
|
0-0: Swinging Strike 0-1: Foul Ball, location: 2F 0-2: Ball 1-2: Strikes out swinging
|
Batting: RHB Luis Ibarra
|
0-0: Foul Ball, location: 2F 0-1: Swinging Strike 0-2: Ball 1-2: Strikes out looking
|
Bottom of the 8th over - 0 run(s), 1 hit(s), 0 error(s), 1 left on base; Bismarck 1 - Red Deer 4 |
TOP OF THE 9TH |
Bismarck Barons batting - Pitching for Red Deer Wranglers : RHP Alejandro Arriaza
|
Pitching: RHP Raúl Zumaya
|
|
Batting: LHB Jesús Bueno
|
0-0: Called Strike 0-1: Ball 1-1: Foul Ball, location: 2F 1-2: Foul Ball, location: 2F 1-2: Ball 2-2: Strikes out swinging
|
Batting: LHB Jorge Fernández
|
0-0: Ball 1-0: Swinging Strike 1-1: Swinging Strike 1-2: Ball 2-2: Foul Ball, location: 2F 2-2: Strikes out looking
|
Batting: SHB José Gonzáles
|
0-0: Fly out, F8 (Flyball, 8RM)
|
Top of the 9th over - 0 run(s), 0 hit(s), 0 error(s), 0 left on base; Bismarck 1 - Red Deer 4 |
|